 Dungeon Crawl Stone Soup version 0.27-a0-1158-gaa87e14f67 (webtiles) character file.

Game seed: 6422337452372145421

641 Feb132020 the Conjurer (level 7, -2/57 HPs)
             Began as a Deep Elf Conjurer on May 15, 2021.
             Killed from afar by an acid dragon (5 damage)
             ... with a splash of acid
             ... on level 4 of the Dungeon.
             The game lasted 00:19:35 (4586 turns).

Feb132020 the Conjurer (Deep Elf Conjurer)          Turns: 4586, Time: 00:19:35

Health: -2/57      AC: 19    Str:  4    XL:     7   Next: 26%
Magic:  15/15      EV:  2    Int: 23    God:
Gold:   186        SH:  0    Dex: 15    Spells: 8/14 levels left

rFire    . . .     SeeInvis .   c - +1 dagger
rCold    . . .     Faith    .   (no shield)
rNeg     + + +     Spirit   .   (armour currently unavailable)
rPois    +         Reflect  .   (helmet currently unavailable)
rElec    .         Harm     .   (cloak currently unavailable)
rCorr    .         Rampage  .   (gloves currently unavailable)
Will     .....     NoTele   +   (boots currently unavailable)
Stlth    +++.......             (no amulet)
HPRegen  0.19/turn              d - ring of flight
MPRegen  0.14/turn              n - +4 ring of evasion

@: tree-form, corroded
A: stationary, stasis, torment immunity, boosted hp
a: no special abilities


You were on level 4 of the Dungeon.
You were a tree.
You visited 1 branch of the dungeon, and saw 5 of its levels.

You collected 186 gold pieces.

Inventory:

Hand Weapons
 c - a +1 dagger (weapon)
Missiles
 j - 4 atropa-tipped darts
Armour
 a - a +0 robe (melded)
 e - a +0 cloak (melded)
Jewellery
 d - a ring of flight (left branch)
 n - a +4 ring of evasion (right branch)
 p - a ring of see invisible
Scrolls
 f - a scroll of holy word
 g - a scroll of magic mapping
 k - a scroll of fear
 q - a scroll of enchant armour
Potions
 b - a potion of mutation
 h - a potion of might {unknown}
 i - 2 potions of curing
 l - a potion of degeneration {unknown}
 m - a potion of haste {unknown}


   Skills:
 + Level 1.3 Fighting
 + Level 3.0 Short Blades
 + Level 3.4 Dodging
 + Level 5.4 Stealth
 + Level 4.4 Spellcasting
 + Level 5.8 Conjurations
 * Level 3.8 Hexes


You had 8 spell levels left.
You knew the following spells:

 Your Spells              Type           Power      Damage    Failure   Level
a - Magic Dart            Conj           100%       1d8       1%          1
b - Searing Ray           Conj           64%        3d5       1%          2
c - Dazzling Flash        Conj/Hex       54%        N/A       4%          3

Your spell library contained the following spells:

 Spells                   Type           Power      Damage    Failure   Level
 Corona                   Hex            24%        N/A       2%          1
 Confusing Touch          Hex            22%        N/A       6%          3
 Tukima's Dance           Hex            22%        N/A       6%          3
 Ensorcelled Hibernation  Hex/Ice        26%        N/A       7%          2
 Summon Small Mammal      Summ           20%        N/A       10%         1
 Summon Guardian Golem    Hex/Summ       13%        N/A       14%         3
 Fulminant Prism          Conj/Hex       13%        3d9       14%         4
 Call Imp                 Summ           5%         N/A       16%         2
 Call Canine Familiar     Summ           5%         N/A       30%         3
 Iskenderun's Mystic Bla  Conj/Tloc      18%        2d6       30%         4
 Summon Ice Beast         Ice/Summ       5%         N/A       69%         4
 Summon Lightning Spire   Summ/Air       5%         N/A       69%         4


Dungeon Overview and Level Annotations

Branches:
Dungeon (5/15)
 Temple: D:4-7

Altars:
Nemelex Xobeh
Qazlal
The Shining One

Annotations:
D:3 Terence


Message History

The scorpion zombie is heavily damaged.
The scorpion zombie barely misses you.
Unknown command.
Unknown command.
Unknown command.
Unknown command.
Casting: Magic Dart (safe; 1% risk of failure)
Confirm with . or Enter, or press ? or * to list all spells.
Aiming: Searing Ray (safe; 1% risk of failure)
Press: ? - help, Shift-Dir - straight line, f/p - scorpion zombie
Aim: a scorpion zombie (heavily damaged, 93% to hit)
The searing ray hits the scorpion zombie!
The scorpion zombie is severely damaged. (Press . to maintain the ray.)
The scorpion zombie misses you.
The searing ray hits the scorpion zombie!
You destroy the scorpion zombie!
HP restored.
An acid dragon is nearby!
There is a stone staircase leading up here.
You fly upwards.
There is a stone staircase leading down here.
You fly downwards.
There is a stone staircase leading up here.
The acid dragon roars!
The acid dragon spits acid at you. The splash of acid hits you!
The acid corrodes you!
You are splashed with acid!
* * * LOW HITPOINT WARNING * * *
You hear a shout!
There is a stone staircase leading up here.
The acid dragon closely misses you. The acid dragon claws you.
* * * LOW HITPOINT WARNING * * *
You fly upwards.
There is a stone staircase leading down here.
Really quaff the potion of lignification?
You turn into a tree.
Your +0 cloak melds into your body.
Your +0 robe melds into your body.
Your roots penetrate the ground.
The acid dragon spits acid at you. The splash of acid hits you.
You die...

#..##.#..##.# #.....#
#..#.⌠...'..# #.....#
#...⌠.#..'..# #.....#
#..#.##..##.# #.....#
#........##.# #.....#
#........##.# #.....#
###########'###.....#
#........####.######
#..♣................
############...D....####.######
#...................# #.# #..
##.######...........# #.# #.#
#.# #...........# #.####.# #.#
#...........# #.#....# #.#
#...........## #.#....# #.#
#............###.#....# #.#
#............'...#....#


You could see an acid dragon (catching breath).

Vanquished Creatures
  2 ogres
  A centaur (D:5)
  A scorpion (D:4)
  A howler monkey (D:4)
  Natasha (thrice) (D:4)
  An iguana (D:5)
  A scorpion zombie (D:5)
  4 gnolls
  5 adders
  An adder skeleton (D:4)
  A worm (D:2)
  3 dart slugs
  7 orcs
  7 ball pythons
  7 endoplasms
  6 giant cockroaches
  2 goblins (D:4)
  3 hobgoblins
  11 jackals
  3 quokkas
  4 bats
  4 frilled lizards
  3 kobolds
  6 rats
87 creatures vanquished.

Notes
Turn   | Place    | Note
-------+----------+-------------------------------------------
     0 | D:1      | Feb132020 the Deep Elf Conjurer began the quest for the
                  | Orb.
     0 | D:1      | Reached XP level 1. HP: 10/10 MP: 6/6
   277 | D:1      | Reached XP level 2. HP: 15/15 MP: 6/8
   280 | D:1      | Learned a level 2 spell: Searing Ray
   496 | D:1      | Found a faded altar of an unknown god.
   544 | D:1      | Reached skill level 5 in Conjurations
   810 | D:1      | Reached XP level 3. HP: 19/19 MP: 9/9
   814 | D:1      | Learned a level 3 spell: Dazzling Flash
  1838 | D:2      | Reached XP level 4. HP: 24/24 MP: 8/11
  2155 | D:3      | Found a sparkling altar of Nemelex Xobeh.
  2185 | D:3      | Reached skill level 1 in Hexes
  2480 | D:3      | Found a glowing golden altar of the Shining One.
  2487 | D:3      | Noticed Terence
  3030 | D:4      | Noticed Natasha
  3032 | D:4      | Killed Natasha
  3033 | D:4      | Reached skill level 1 in Short Blades
  3033 | D:4      | Reached XP level 5. HP: 28/28 MP: 8/12
  3199 | D:4      | Noticed Natasha
  3212 | D:4      | Killed Natasha
  3281 | D:4      | Noticed an ogre
  3286 | D:4      | Killed an ogre
  3287 | D:4      | Reached skill level 1 in Fighting
  3287 | D:4      | Reached XP level 6. HP: 26/34 MP: 5/14
  3564 | D:4      | Noticed Natasha
  3568 | D:4      | Killed Natasha
  3768 | D:4      | Noticed an orc warrior
  4031 | D:5      | Entered Level 5 of the Dungeon
  4066 | D:5      | Noticed a water moccasin
  4066 | D:5      | Noticed an acid dragon
  4073 | D:5      | Reached skill level 5 in Stealth
  4171 | D:5      | Found a stormy altar of Qazlal.
  4175 | D:5      | Reached XP level 7. HP: 38/38 MP: 12/15
  4584 | D:5      | HP: 1/38 [acid dragon (6)]
  4586 | D:4      | Killed from afar by an acid dragon

Illustrated notes

Levels and vault maps discovered:
D:1:      matt_arrival_los_fun, layout_loops_ring,
          ebering_ecumenical_altar_sacrificial, chequers_garden
D:2:      layout_basic, serial_glass, glass_columns_a, glass_columns_a,
          glass_columns_a, glass_columns_a, glass_columns_a, glass_columns_b,
          glass_columns_b, glass_columns_c, glass_columns_b, glass_columns_b,
          glass_columns_a, glass_columns_a, glass_columns_c, glass_columns_c
D:3:      layout_rooms, nemelex_xobeh_ov_fountains_minmay, tso_metal_star,
          minmay_misc_feat_tower, uniq_terence
D:4:      layout_basic, kennysheep_generic_room_4, uniq_natasha
D:5:      layout_loops_ring, nicolae_qazlal_general_emergency,
          grunt_temple_overflow_open, minmay_temple_entry_hall,
          minmay_misc_feat_encased, minmay_manual_moon

Skill      XL: |  1  2  3  4  5  6  7 |
---------------+----------------------+-----
Conjurations   | 5 |  5.8
Stealth        | 3 4 5 |  5.4
Hexes          | 1 2 3 |  3.8
Short Blades   | 1 2 3 |  3.0
Dodging        | 3 |  3.4
Fighting       | 1 |  1.3
Spellcasting   | 4 |  4.4

Action                   |  1- 3 |  4- 6 |  7- 9 || total
-------------------------+-------+-------+-------++-------
Melee: Dagger            |    64 |    77 |     5 ||   146
 Cast: Magic Dart        |    40 |    15 |     8 ||    63
       Searing Ray       |     3 |    13 |     3 ||    19
  Use: Scroll            |       |     8 |     1 ||     9
       Potion            |       |     1 |     1 ||     2
 Stab: Sleeping          |     4 |     8 |       ||    12
Armor: Robe              |    23 |    11 |       ||    34
Dodge: Dodged            |    36 |    52 |     7 ||    95

Table legend: (Time is in decaauts)
 A = Elapsed time spent in this place.
 B = Non-inter-level travel time spent in this place.
 C = Inter-level travel time spent in this place.
 D = Time resting spent in this place.
 E = Time spent auto-exploring this place.
 F = Levels seen in this place.
 G = Mean time per level.
                   A        B        C        D        E       F      G
               +--------+--------+--------+--------+--------+-----+--------+
         Total |   4585 |   4266 |    319 |     71 |   3540 |   5 |  917.0 |
       Dungeon |   4585 |   4266 |    319 |     71 |   3540 |   5 |  917.0 |
               +--------+--------+--------+--------+--------+-----+--------+

Top non-repeatable levels by time:
     D:4: 1167 daAuts
     D:2: 1078 daAuts
     D:1: 1056 daAuts
     D:3: 833 daAuts
     D:5: 449 daAuts
